 Dungeon Crawl Stone Soup version 0.21.1-1-g345015f (webtiles) character file.

65 grindst0ne the Magician (level 4, -1/34 HPs)
             Began as a Gnoll Wanderer on Mar 6, 2018.
             Slain by a kobold
             ... wielding a +0 dagger
              (3 damage)
             ... on level 2 of the Dungeon.
             The game lasted 00:04:00 (1190 turns).

grindst0ne the Magician (Gnoll Wanderer)            Turns: 1190, Time: 00:04:01

Health: -1/34      AC:  4    Str: 17    XL:     4   Next: 13%
Magic:  11/11      EV: 12    Int: 14    God:
Gold:   82         SH:  0    Dex: 13    Spells: 12/13 levels left

rFire    . . .     SeeInvis .   b - +4 dagger
rCold    . . .     Gourm    .   (no shield)
rNeg     + . .     Faith    .   d - +0 robe
rPois    .         Spirit   .   (no helmet)
rElec    .         Reflect  .   (no cloak)
rCorr    .         Harm     .   k - +1 pair of gloves
MR       .....                  (no boots)
Stlth    ++........             (no amulet)
HPRegen  0.11/turn              e - ring of positive energy
MPRegen  0.12/turn              (no ring)

@: no status effects
A: distributed training, fangs 1, strong nose
a: no special abilities


You were on level 2 of the Dungeon.
You were not hungry.

You visited 1 branch of the dungeon, and saw 2 of its levels.

You collected 82 gold pieces.

Inventory:

Hand Weapons
 a - a +2 hand crossbow
 b - a +4 dagger (weapon)
Missiles
 i - 35 bolts
Armour
 d - a +0 robe (worn)
 k - a +1 pair of gloves (worn)
Jewellery
 e - a ring of positive energy (left hand)
Scrolls
 l - a scroll of magic mapping {unknown}
 n - 5 scrolls of identify {unknown}
 q - 2 scrolls of fear {unknown}
 r - a scroll of remove curse {unknown}
 s - a scroll of noise {unknown}
Potions
 j - a potion of mutation {unknown}
 m - a potion of degeneration {unknown}
 o - a potion of haste {unknown}
 p - a potion of curing {unknown}
Books
 c - the Volume of Necromancy

   Spells                             Type                      Level
   a - Animate Skeleton               Necromancy                   1
   b - Regeneration                   Charms/Necromancy            3
Comestibles
 f - 3 rations
 h - a chunk of flesh


   Skills:
 + Level 2.7 Fighting
 + Level 1.0 Short Blades
 + Level 1.0 Long Blades
 + Level 1.0 Axes
 + Level 1.0 Maces & Flails
 + Level 1.0 Polearms
 + Level 1.0 Staves
 + Level 1.0 Slings
 + Level 1.0 Bows
 + Level 2.7 Crossbows
 + Level 1.0 Throwing
 + Level 2.7 Armour
 + Level 1.0 Dodging
 + Level 1.0 Stealth
 + Level 4.6 Shields
 + Level 1.0 Unarmed Combat
 + Level 5.0 Spellcasting
 + Level 0.7 Conjurations
 + Level 0.7 Hexes
 + Level 0.7 Charms
 + Level 0.7 Summonings
 + Level 3.8 Necromancy
 + Level 0.7 Translocations
 + Level 2.2 Transmutations
 + Level 0.7 Fire Magic
 + Level 0.7 Ice Magic
 + Level 0.7 Air Magic
 + Level 0.7 Earth Magic
 + Level 0.7 Poison Magic
 + Level 1.1 Invocations
 + Level 1.0 Evocations


You had 12 spell levels left.
You knew the following spells:

 Your Spells              Type           Power        Failure   Level  Hunger
a - Animate Skeleton      Necr           N/A          3%          1    None


Dungeon Overview and Level Annotations

Branches:
Dungeon (2/15)

Altars:

Annotations:
D:2 1 runed door


Innate Abilities, Weirdness & Mutations

Your experience applies equally to all skills.
You have very sharp teeth.
Your uncanny sense of smell can sniff out nearby items.


Message History

The kobold hits you with a club.
* * * LOW HITPOINT WARNING * * *
The kobold throws a stone.
The stone hits you but does no damage.
Things that are here:
a stone; a whip; a kobold corpse The kobold throws a stone.
The stone barely misses you.
The kobold throws a stone.
The stone closely misses you.
You see here a stone.
The kobold throws a stone.
The stone hits you but does no damage.
You see here a stone.
You hit the kobold.
The kobold is severely wounded.
The kobold hits you with a club.
* * * LOW HITPOINT WARNING * * *
You barely miss the kobold.
The kobold is severely wounded.
You hit the kobold.
You kill the kobold!
You barely miss the kobold. The kobold hits you with a dagger.
You die...

#.K...##..........#
#......'..#.......#
....K..'..#.......#
?......(..#.......#
......##(.#.......#
....$ #.(#.......##
#### ##K(K........#
#.(####K####.# #.(#
#@# #.# #K.# #.#
#.# ##(## #.# #.#
#..###.####.#
####...#.....#.#
#...............#
#.#..#..#..#..#..
#..#..#..#..#...#
.....#..#..#..#..#


You could see a kobold.

Vanquished Creatures
  An adder (D:2)
  An ooze (D:1)
  2 dart slugs
  A leopard gecko (D:1)
  2 giant cockroaches
  4 goblins (D:1)
  6 hobgoblins
  4 jackals (D:1)
  10 kobolds
  5 bats
  3 frilled lizards
  5 rats
  A toadstool (D:1)
45 creatures vanquished.

Vanquished Creatures (others)
  7 toadstools
7 creatures vanquished.

Grand Total: 52 creatures vanquished

Notes
Turn   | Place    | Note
-------+----------+-------------------------------------------
     0 | D:1      | grindst0ne the Gnoll Wanderer began the quest for the Orb.
     0 | D:1      | grindst0ne set off with: a +2 hand crossbow, 27 bolts, the Volume of Necromancy, a +0 robe, a ration
     0 | D:1      | Reached XP level 1. HP: 17/17 MP: 6/6
    15 | D:1      | Identified the Volume of Necromancy
    17 | D:1      | Learned a level 1 spell: Animate Skeleton
   149 | D:1      | Reached XP level 2. HP: 22/23 MP: 7/7
   470 | D:1      | Reached skill level 5 in Spellcasting
   470 | D:1      | Reached XP level 3. HP: 15/28 MP: 7/9
   726 | D:1      | Reached skill level 1 in Invocations
   915 | D:2      | Reached skill level 1 in Short Blades
   915 | D:2      | Reached skill level 1 in Long Blades
   915 | D:2      | Reached skill level 1 in Axes
   915 | D:2      | Reached skill level 1 in Maces & Flails
   915 | D:2      | Reached skill level 1 in Polearms
   915 | D:2      | Reached skill level 1 in Staves
   915 | D:2      | Reached skill level 1 in Slings
   915 | D:2      | Reached skill level 1 in Bows
   915 | D:2      | Reached skill level 1 in Throwing
   915 | D:2      | Reached skill level 1 in Dodging
   915 | D:2      | Reached skill level 1 in Stealth
   915 | D:2      | Reached skill level 1 in Unarmed Combat
   915 | D:2      | Reached skill level 1 in Evocations
   949 | D:2      | Reached XP level 4. HP: 31/34 MP: 11/11
  1013 | D:2      | Found a runed door.
  1190 | D:2      | Slain by a kobold

Skill      XL: |  1  2  3 |
---------------+----------+-----
Transmutations | 2 |  2.2
Spellcasting   | 5 |  5.0
Invocations    | 1 |  1.1
Short Blades   | 1 |  1.0
Long Blades    | 1 |  1.0
Axes           | 1 |  1.0
Maces & Flails | 1 |  1.0
Polearms       | 1 |  1.0
Staves         | 1 |  1.0
Slings         | 1 |  1.0
Bows           | 1 |  1.0
Throwing       | 1 |  1.0
Dodging        | 1 |  1.0
Stealth        | 1 |  1.0
Unarmed Combat | 1 |  1.0
Evocations     | 1 |  1.0
Fighting       | |  2.7
Crossbows      | |  2.7
Armour         | |  2.7
Shields        | |  4.6
Conjurations   | |  0.7
Hexes          | |  0.7
Charms         | |  0.7
Summonings     | |  0.7
Necromancy     | |  3.8
Translocations | |  0.7
Fire Magic     | |  0.7
Ice Magic      | |  0.7
Air Magic      | |  0.7
Earth Magic    | |  0.7
Poison Magic   | |  0.7

Action                   |  1- 3 |  4- 6 || total
-------------------------+-------+-------++-------
Melee: Unarmed           |     5 |       ||     5
       Bite              |     5 |       ||     5
       Dagger            |    80 |    18 ||    98
 Fire: Hand crossbow     |    21 |       ||    21
  Use: Potion            |     2 |       ||     2
 Stab: Sleeping          |     2 |       ||     2
  Eat: Chunk             |       |     1 ||     1
Armor: Robe              |    26 |    10 ||    36
       Skin              |    27 |       ||    27
Dodge: Dodged            |    43 |    20 ||    63
